 Dungeon Crawl Stone Soup version 0.31-a0-232-gb1c03b2570 (webtiles) character file.

Game seed: 9423544165193321007

355 qw the Shooter (level 6, -5/52 HPs)
             Began as a Minotaur Hexslinger on July 7, 2023.
             Was an Initiate of Okawaru.
             Slain by an ice beast (10 damage)
             ... on level 5 of the Dungeon.
             The game lasted 00:01:15 (2693 turns).

qw the Shooter (Minotaur Hexslinger)                Turns: 2693, Time: 00:01:15

Health: -5/52      AC:  8    Str: 19    XL:     6   Next: 36%
Magic:  6/6        EV: 11    Int: 12    God:    Okawaru [......]
Gold:   298        SH:  0    Dex: 15    Spells: 6/7 levels left

rFire   + . .        Y - +1 sling
rCold   . . .        (no shield)
rNeg    . . .        g - +0 ring mail
rPois   .            (helmet restricted)
rElec   +            (no cloak)
rCorr   .            a - +1 pair of gloves "Kamiux" {rF+}
SInv    .            c - +0 pair of boots of Waxaza {Contam rElec Str+7 Int+2}
Will    .....        (no amulet)
Stlth   +            (no ring)
HPRegen 0.28/turn    (no ring)
MPRegen 0.10/turn

%: no passive effects
@: lethally poisoned (-5 -> -29)
A: horns 2, retaliatory headbutt
a: Renounce Religion


You were on level 5 of the Dungeon.
You worshipped Okawaru.
Okawaru was noncommittal.
You visited 1 branch of the dungeon, and saw 5 of its levels.

You collected 298 gold pieces.


Innate Abilities, Weirdness & Mutations

You have a pair of horns on your head.
You reflexively headbutt those who attack you in melee.


   Skills:
 - Level 4.0 Fighting
 + Level 6.4 Ranged Weapons
 - Level 1.2 Armour
 - Level 2.1 Dodging
 - Level 1.0 Spellcasting
 - Level 2.0 Hexes


You had 6 spell levels left.
You knew the following spells:

 Your Spells              Type           Power      Damage    Failure   Level
a - Slow                  Hex            20%        N/A       22%         1

Your spell library contained the following spells:

 Spells                   Type           Power      Damage    Failure   Level
 Inner Flame              Hex/Fire       3%         N/A       71%         3
 Portal Projectile        Hex/Tloc       6%         N/A       71%         3
 Cause Fear               Hex            2%         N/A       92%         4

Inventory:

Hand Weapons
 Y - a +1 sling (weapon)
Armour
 a - the +1 pair of gloves "Kamiux" (worn) {rF+}
   (You acquired it on level 2 of the Dungeon)

   rF:        It protects you from fire.
 c - the +0 pair of boots of Waxaza (worn) {Contam rElec Str+7 Int+2}
   (You acquired it on level 2 of the Dungeon)

   Str:       It affects your strength (+7).
   Int:       It affects your intelligence (+2).
   rElec:     It insulates you from electricity.
   Contam:    It causes magical contamination when unequipped.
 g - a +0 ring mail (worn)
Jewellery
 b - an amulet of faith
Scrolls
 i - a scroll of identify
Potions
 d - a potion of enlightenment
 e - a potion of brilliance {unknown}
 f - a potion of ambrosia {unknown}
 h - a potion of curing {unknown}

Dungeon Overview and Level Annotations

Branches:
Dungeon (5/15)
 Temple: D:4-7

Altars:
Okawaru
Qazlal
Trog
The Shining One

Annotations:
D:3 3 runed translucent doors, qw's ghost, weakling GrHs


Message History

You shoot a sling bullet.
The sling bullet hits the orc wizard but does no damage.
The orc wizard is heavily wounded.
You feel sick.
The orc wizard hits you but does no damage.
You are more poisoned.
The orc wizard gestures at you while chanting.
You are confused.
You feel very sick. The orc wizard casts a spell at you.
The magic dart hits you.
You feel sick.
The orc wizard hits you but does no damage.
You are more poisoned.
The ice beast hits you but does no damage.
You feel very sick.
The orc wizard points at you and mumbles some strange words.
You resist with some effort. The orc hits you but does no damage.
The ice beast hits you but does no damage.
You feel very sick. Something hits you but does no damage.
The orc wizard closely misses you. The orc closely misses you.
The ice beast closely misses you.
You feel sick. Something hits you but does no damage.
The orc wizard hits you but does no damage.
You are more poisoned.
The orc hits you with a +0 dagger.
The ice beast hits you but does no damage.
You feel very sick. Something hits you but does no damage.
The orc wizard casts a spell at you. You resist with some effort.
The orc closely misses you. The ice beast barely misses you.
You feel less confused.
You feel very sick. Something hits you but does no damage.
The orc wizard hits you with a +2 dagger of venom.
You are more poisoned.
The orc completely misses you. The ice beast hits you.
The ice beast freezes you!
You die...

.........####.....####
##.###............... .
#.########.%..##
...######.########.##.##
...................##<[.
#...###.................
#..###................
####..Y...###.......####
#.....o@o## .......
..#####{## .....# #o#
....( .o. .#### ...
..#.. #. .. #. ...


You could see an ice beast, an orc priest, an orc wizard and 2 orcs.

Vanquished Creatures
  A scorpion (D:4)
  An orc priest (D:3)
  An iguana (D:5)
  Natasha (twice) (D:3)
  2 orc wizards
  6 adders
  A worm (D:2)
  3 dart slugs
  5 orcs
  8 ball pythons
  6 bats
  4 endoplasms
  5 giant cockroaches
  14 goblins
  3 hobgoblins
  4 quokkas
  2 frilled lizards (D:1)
  6 kobolds
  5 rats
79 creatures vanquished.

Notes
Turn   | Place    | Note
-------+----------+-------------------------------------------
     0 | D:1      | qw the Minotaur Hexslinger began the quest for the Orb.
     0 | D:1      | Reached XP level 1. HP: 16/16 MP: 1/1
     0 | D:1      | 0 ||| qw: Version: 0.3-a-46-gb1f654a
     0 | D:1      | 0 ||| qw: Game counter: 2173
     0 | D:1      | 0 ||| qw: Melee chars always use a shield: true
     0 | D:1      | 0 ||| qw: God list: Okawaru
     0 | D:1      | 0 ||| qw: Allow faded altars: false
     0 | D:1      | 0 ||| qw: Do Orc after clearing Dungeon:15 true
     0 | D:1      | 0 ||| qw: Do second Lair branch before Depths: true
     0 | D:1      | 0 ||| qw: Lair rune preference: random
     0 | D:1      | 0 ||| qw: Goals: Normal
     0 | D:1      | 0 ||| PLANNING D:1-11
   109 | D:1      | Reached skill level 3 in Ranged Weapons
   117 | D:1      | Reached XP level 2. HP: 23/23 MP: 2/2
   474 | D:1      | 474 ||| UPGRADING to +0 pair of boots.
   479 | D:1      | 479 ||| UPGRADING to +0 leather armour.
   489 | D:1      | 489 ||| DROPPING +0 robe.
   490 | D:1      | 490 ||| READING scroll labelled XIQYFU VOTITSO.
   491 | D:1      | 491 ||| DROPPING scroll of poison.
   577 | D:2      | Reached XP level 3. HP: 29/29 MP: 3/3
   652 | D:2      | Reached skill level 4 in Ranged Weapons
   909 | D:2      | Found an iron altar of Okawaru.
   910 | D:2      | 910 ||| PLANNING OKAWARU WORSHIP
   910 | D:2      | 910 ||| UPGRADING to +0 ring mail.
   920 | D:2      | 920 ||| DROPPING +0 leather armour.
   921 | D:2      | 921 ||| READING 2 scrolls labelled PYSECI GACA.
   921 | D:2      | Identified 2 scrolls of acquirement
   921 | D:2      | 921 ||| ACQUIRING +0 pair of boots of Waxaza {Contam rElec
                  | Str+7 Int+2}
   921 | D:2      | Acquired the +0 pair of boots of Waxaza {Contam rElec Str+7
                  | Int+2}
   922 | D:2      | 922 ||| READING scroll of acquirement.
   922 | D:2      | 922 ||| ACQUIRING +1 pair of gloves "Kamiux" {rF+}
   922 | D:2      | Acquired the +1 pair of gloves "Kamiux" {rF+}
   923 | D:2      | 923 ||| READING scroll labelled CUJI UFEZIUP.
   924 | D:2      | 924 ||| READING scroll labelled QAIC DAROBBUSE.
   936 | D:2      | Became a worshipper of Warmaster Okawaru
   937 | D:2      | 937 ||| PLANNING D:1-11
   960 | D:2      | Reached skill level 1 in Armour
   983 | D:2      | 983 ||| FLEEEEING.
   984 | D:2      | 984 ||| STAIRDANCE
  1011 | D:1      | 1011 ||| UPGRADING to +1 pair of gloves "Kamiux" {rF+}.
  1016 | D:1      | 1016 ||| UPGRADING to +0 pair of boots of Waxaza {Contam
                  | rElec Str+7 Int+2}.
  1026 | D:1      | 1026 ||| DROPPING +0 pair of boots.
  1130 | D:2      | Reached XP level 4. HP: 36/36 MP: 4/4
  1399 | D:2      | 1399 ||| READING scroll labelled YLOHUU LAYRUS.
  1471 | D:3      | 1471 ||| STAIRDANCE
  1478 | D:2      | Reached skill level 5 in Ranged Weapons
  1526 | D:3      | Found a glowing golden altar of the Shining One.
  1533 | D:3      | Found a runed translucent gate.
  1533 | D:3      | Found a runed translucent gate.
  1556 | D:3      | Found a runed translucent gate.
  1556 | D:3      | Noticed qw's ghost (weakling GrHs)
  1635 | D:3      | Found a stormy altar of Qazlal.
  1660 | D:3      | Reached XP level 5. HP: 41/41 MP: 5/5
  1680 | D:3      | Found a faded altar of an unknown god.
  1767 | D:3      | Noticed Natasha
  1776 | D:3      | Killed Natasha
  1777 | D:3      | Reached skill level 3 in Fighting
  1803 | D:3      | Found a bloodstained altar of Trog.
  1855 | D:3      | Noticed Natasha
  1864 | D:3      | Killed Natasha
  1964 | D:3      | 1964 ||| READING scroll labelled OHINWIU IQIU.
  1965 | D:3      | 1965 ||| READING scroll labelled UPACAO ALYZUIW.
  1992 | D:3      | 1992 ||| READING scroll labelled RILUMARCHOA.
  1993 | D:3      | 1993 ||| DRINKING 2 amethyst potions.
  2340 | D:4      | Reached skill level 6 in Ranged Weapons
  2350 | D:4      | Reached * piety under Okawaru
  2351 | D:4      | Reached XP level 6. HP: 33/52 MP: 6/6
  2534 | D:4      | 2534 ||| INVOKING Heroism.
  2547 | D:4      | 2547 ||| FLEEEEING.
  2548 | D:4      | 2548 ||| FLEEEEING.
  2549 | D:4      | 2549 ||| FLEEEEING.
  2550 | D:4      | 2550 ||| FLEEEEING.
  2551 | D:4      | 2551 ||| FLEEEEING.
  2552 | D:4      | 2552 ||| FLEEEEING.
  2553 | D:4      | 2553 ||| FLEEEEING.
  2554 | D:4      | 2554 ||| FLEEEEING.
  2622 | D:4      | 2622 ||| READING 2 scrolls labelled RIMOMACAOK.
  2623 | D:4      | 2623 ||| READING 2 scrolls of identify.
  2623 | D:4      | 2623 ||| IDENTIFYING fizzy blue potion
  2624 | D:4      | 2624 ||| DROPPING potion of lignification.
  2625 | D:4      | 2625 ||| DROPPING scroll of amnesia.
  2633 | D:5      | Entered Level 5 of the Dungeon
  2685 | D:5      | Noticed an ice beast
  2693 | D:5      | HP: 9/52 [orc wizard/+2 dagger of venom (5)]
  2693 | D:5      | Slain by an ice beast

Levels and vault maps discovered:
D:1:      eino_arrival_water_cross, layout_rooms, st_stairs_6
D:2:      layout_loops_ring, basic_altar
D:3:      layout_rooms, lightli_temple_of_fire, grunt_qazlal_sundering,
          mainiacjoe_overflow_brackets, gammafunk_ghost_split,
          shapermc_ecumenical_altar_mp_highgroup, hex_medium,
          dreamdust_wishing_well, uniq_natasha
D:4:      layout_basic, hangedman_glass_garden, minivault_4
D:5:      layout_rooms, minmay_temple_entry_poolview

Skill      XL: |  1  2  3  4  5  6 |
---------------+-------------------+-----
Ranged Weapons | 3 4 5 6 |  6.4
Fighting       | 2 3 4 |  4.0
Armour         | 1 |  1.2
Dodging        | |  2.1
Spellcasting   | |  1.0
Hexes          | |  2.0

Action                     |  1- 3 |  4- 6 || total
---------------------------+-------+-------++-------
   Fire: Sling             |   100 |   160 ||   260
 Invoke: Heroism           |       |     1 ||     1
    Use: Scroll            |     5 |     6 ||    11
         Potion            |       |     1 ||     1
 Armour: Leather armour    |     4 |       ||     4
         Ring mail         |     5 |    45 ||    50
  Dodge: Dodged            |    33 |    39 ||    72

Table legend:
 A = Non-vault XP
 B = Vault XP
 C = Vault XP percentage of total XP
 D = Non-vault monster count
 E = Vault monster count
 F = Vault count percentage of total count
                 A         B        C        D         E       F
            +---------+---------+-------+---------+---------+-------
      Total |     472 |      36 |   7.1 |      77 |       2 |   2.5
            +---------+---------+-------+---------+---------+-------
        D:1 |      33 |       1 |   2.9 |      22 |       1 |   4.3
        D:2 |     103 |       0 |   0.0 |      16 |       0 |   0.0
        D:3 |     107 |      35 |  24.6 |      17 |       1 |   5.6
        D:4 |     189 |       0 |   0.0 |      20 |       0 |   0.0
        D:5 |      40 |       0 |   0.0 |       2 |       0 |   0.0
            +---------+---------+-------+---------+---------+-------
